 Dungeon Crawl Stone Soup version 0.23-a0-182-g58cdd98f8d (webtiles) character file.

912 MirrMurr the Poker (level 8, -3/54 HPs)
             Began as an Octopode Berserker on Sept 20, 2018.
             Was a Priest of Trog.
             Slain by Grinder (6 damage)
             ... while paralysed by Grinder
             ... on level 6 of the Dungeon.
             The game lasted 00:11:06 (5075 turns).

MirrMurr the Poker (Octopode Berserker)             Turns: 5075, Time: 00:11:06

Health: -3/54      AC:  1    Str: 16    XL:     8   Next: 9%
Magic:  8/8        EV:  2    Int: 10    God:    Trog [***...]
Gold:   168        SH:  0    Dex: 13    Spells: 7/7 levels left

rFire    . . .     SeeInvis .   a - +0 trident
rCold    . . .     Gourm    .   l - +0 shield (curse)
rNeg     . . .     Faith    .   (helmet restricted)
rPois    .         Spirit   .   (no amulet)
rElec    .         Reflect  .   s - ring of stealth
rCorr    .         Harm     .   (no ring)
MR       .....                  (no ring)
Stlth    +++++.....             (no ring)
HPRegen  0.18/turn              (no ring)
MPRegen  0.11/turn              (no ring)
                                (no ring)
                                (no ring)

@: paralysed, very slightly contaminated
A: almost no armour, stealthy swim, amphibious, 8 rings, constrict 8, camouflage
1, gelatinous body 1
a: Berserk, Trog's Hand, Renounce Religion


You were on level 6 of the Dungeon.
You worshipped Trog.
Trog was most pleased with you.
You were very hungry.

You visited 2 branches of the dungeon, and saw 7 of its levels.

You collected 168 gold pieces.

Inventory:

Hand Weapons
 a - a +0 trident (weapon)
 b - a +0 hand crossbow
Missiles
 d - 193 stones (quivered)
 f - 69 sling bullets
 p - 48 bolts
 t - 4 javelins
Armour
 l - a cursed +0 shield (worn)
Jewellery
 s - a ring of stealth (left tentacle)
 v - a +4 amulet of reflection {unknown}
Wands
 m - a wand of paralysis (13)
 x - a wand of digging (11)
Scrolls
 j - 2 scrolls of magic mapping
 k - 3 scrolls of fog
 o - 4 scrolls of teleportation
 r - a scroll of remove curse
Potions
 e - 3 potions of heal wounds
 g - 2 potions of haste {unknown}
 h - a potion of curing {unknown}
 i - a potion of berserk rage {unknown}
 n - a potion of resistance
 q - 2 potions of flight
 u - a potion of brilliance {unknown}
Comestibles
 c - 16 rations


   Skills:
 + Level 4.7 Fighting
 * Level 6.2 Polearms
 + Level 4.8 Dodging
 + Level 5.2 Stealth
 + Level 2.2 Shields


You had 7 spell levels left.
You didn't know any spells.
Your spell library was empty.

Dungeon Overview and Level Annotations

Branches:
Dungeon (6/15)             Temple (1/1) D:4

Altars:
Elyvilon
Fedhas
Gozag
Kikubaaqudgha
Makhleb
Nemelex Xobeh
Okawaru
Trog

Annotations:
D:6 Grinder


Innate Abilities, Weirdness & Mutations

You cannot wear most types of armour.
You are very stealthy in the water. (Stealth+)
You are amphibious.
You can wear up to eight rings at the same time.
You can use your tentacles to constrict eight enemies at once.
Your skin changes colour to match your surroundings (Stealth+).
Your rubbery body absorbs attacks. (AC +1, EV +1)


Message History

You closely miss Grinder. Your grab misses Grinder.
Grinder is severely wounded.
Grinder hits you!
You writhe in agony.
You closely miss Grinder. Your grab misses Grinder.
Grinder is severely wounded.
You block Grinder's attack.
You hit Grinder but do no damage. Your grab misses Grinder.
Grinder is severely wounded.
Grinder gestures at you.
You suddenly lose the ability to move!
Grinder hits you.
You writhe in agony.
Grinder hits you!
* * * LOW HITPOINT WARNING * * *
You writhe in agony.
* * * LOW HITPOINT WARNING * * *
Grinder hits you.
* * * LOW HITPOINT WARNING * * *
Grinder hits you.
* * * LOW HITPOINT WARNING * * *
You writhe in agony.
You die...

......<.
...... ......
.... ...# #..#
#5.# #@.#
#..#####
######......##
#......>..$...
#[##...##.#.#.
#.##.### .# #
##.##.# #
#####...#.#
..........#


You could see Grinder.

Vanquished Creatures
  Sigmund (D:2)
  Menkaure (D:4)
  An ogre (D:5)
  A big kobold (D:5)
  2 scorpions
  A crimson imp (D:5)
  An orc priest (D:4)
  2 orc wizards (D:3)
  Ijyb (D:3)
  Natasha (thrice) (D:4)
  A worker ant (D:5)
  A worker ant zombie (D:5)
  4 adders
  A shadow imp (D:5)
  An ooze (D:4)
  2 adder skeletons (D:4)
  2 worms
  A dart slug (D:2)
  5 leopard geckos
  12 orcs
  4 giant cockroaches
  3 goblins
  5 hobgoblins
  2 jackals (D:5)
  3 quokkas (D:3)
  A bat (D:2)
  8 frilled lizards
  6 kobolds
  7 rats
  A butterfly (D:4)
84 creatures vanquished.

Notes
Turn   | Place    | Note
-------+----------+-------------------------------------------
     0 | D:1      | MirrMurr the Octopode Berserker began the quest for the
                  | Orb.
     0 | D:1      | Reached XP level 1. HP: 16/16 MP: 1/1
   673 | D:1      | Reached XP level 2. HP: 21/21 MP: 2/2
   961 | D:2      | Reached skill level 1 in Stealth
  1217 | D:2      | Reached XP level 3. HP: 24/26 MP: 3/3
  1299 | D:2      | Reached ** piety under Trog
  1731 | D:2      | Noticed Sigmund
  1737 | D:2      | Killed Sigmund
  1737 | D:2      | Reached skill level 4 in Polearms
  1737 | D:2      | Reached XP level 4. HP: 33/33 MP: 4/4
  1737 | D:2      | Reached XP level 5. HP: 37/37 MP: 5/5
  2025 | D:3      | Reached XP level 6. HP: 40/43 MP: 6/6
  2308 | D:3      | Found a blossoming altar of Fedhas.
  2732 | D:3      | Found a white marble altar of Elyvilon.
  2757 | D:3      | Noticed Ijyb
  2761 | D:3      | Paralysed by Ijyb for 3 turns
  2770 | D:3      | Paralysed by Ijyb for 4 turns
  2776 | D:3      | Killed Ijyb
  2776 | D:3      | Reached skill level 5 in Polearms
  3089 | D:4      | Found a staircase to the Ecumenical Temple.
  3408 | Temple   | Entered the Ecumenical Temple
  3444 | D:4      | Noticed Natasha
  3449 | D:4      | Killed Natasha
  3519 | D:4      | Found an opulent altar of Gozag.
  3700 | D:4      | Found an iron altar of Okawaru.
  3701 | D:4      | Found a bloodstained altar of Trog.
  3763 | D:4      | Reached skill level 1 in Shields
  3767 | D:4      | Reached XP level 7. HP: 31/48 MP: 7/7
  3826 | D:4      | Noticed Menkaure
  3832 | D:4      | Killed Menkaure
  3862 | D:4      | Noticed Natasha
  3873 | D:4      | Killed Natasha
  3920 | D:4      | Noticed Natasha
  3924 | D:4      | Killed Natasha
  4029 | D:5      | Entered Level 5 of the Dungeon
  4142 | D:5      | Reached skill level 6 in Polearms
  4142 | D:5      | Reached skill level 5 in Stealth
  4308 | D:5      | Reached XP level 8. HP: 54/54 MP: 8/8
  4504 | D:5      | Found a sparkling altar of Nemelex Xobeh.
  4538 | D:5      | Reached *** piety under Trog
  5059 | D:6      | Noticed Grinder
  5072 | D:6      | Paralysed by Grinder for 6 turns
  5075 | D:6      | Slain by Grinder

Vault maps used:
D:1:      elethiomel_arrival_maze
D:2:      uniq_sigmund
D:3:      elyvilon_altar_1, fedhas_altar_3, uniq_ijyb
D:4:      grunt_temple_overflow_bloody_war, minmay_temple_entry_butterflies,
          grunt_gozag_statues, uniq_menkaure, uniq_natasha
D:5:      overflow_temple_1_default, first_ration
D:6:      marbit_many_paths, basic_altar, serial_shops, kennysheep_little_box,
          minmay_a_box_with_orc_wizards_in_it, uniq_pikel, uniq_grinder
Temple:   compressed_dpeg_triangle_lava_temple

Skill      XL: |  1  2  3  4  5  6  7 |
---------------+----------------------+-----
Stealth        | 1 3 4 5 |  5.2
Polearms       | 4 5 6 |  6.2
Fighting       | 4 |  4.7
Dodging        | 4 |  4.8
Shields        | 1 2 |  2.2

Action                   |  1- 3 |  4- 6 |  7- 9 || total
-------------------------+-------+-------+-------++-------
Melee: Spear             |    71 |    41 |       ||   112
       Tentacles         |     6 |    24 |     7 ||    37
       Constrict         |    13 |    24 |     6 ||    43
       Trident           |       |    57 |    62 ||   119
 Fire: Hand crossbow     |       |     2 |       ||     2
Throw: Stone             |     1 |       |       ||     1
Invok: Berserk           |     1 |     1 |     1 ||     3
       Trog's Hand       |       |     2 |     1 ||     3
  Use: Scroll            |       |     9 |     1 ||    10
 Stab: Sleeping          |     6 |    11 |     6 ||    23
       Distracted        |     1 |       |       ||     1
  Eat: Chunk             |     2 |     6 |     4 ||    12
       Ration            |       |     1 |       ||     1
Armor: Skin              |       |     3 |     1 ||     4
Dodge: Dodged            |    14 |    26 |    15 ||    55
Block: Shield            |       |     9 |    11 ||    20

Table legend:
 A = Non-vault XP
 B = Vault XP
 C = Vault XP percentage of total XP
 D = Non-vault monster count
 E = Vault monster count
 F = Vault count percentage of total count
                 A         B        C        D         E       F
            +---------+---------+-------+---------+---------+-------
      Total |     833 |     471 |  36.1 |      78 |       5 |   6.0
            +---------+---------+-------+---------+---------+-------
        D:1 |      13 |       0 |   0.0 |      10 |       0 |   0.0
        D:2 |      62 |     242 |  79.6 |      20 |       1 |   4.8
        D:3 |     128 |      36 |  22.0 |      19 |       1 |   5.0
        D:4 |     232 |     193 |  45.4 |      16 |       3 |  15.8
        D:5 |     398 |       0 |   0.0 |      13 |       0 |   0.0
            +---------+---------+-------+---------+---------+-------
